 Dungeon Crawl Stone Soup version 0.21.1-1-g345015f (webtiles) character file.

1169 Econoterrorist the Changer (level 8, -2/53 HPs)
             Began as a Black Draconian Transmuter on June 21, 2018.
             Was a Follower of Hepliaklqana.
             Killed by Freeze
             ... invoked by Mortalkoil's ghost
              (7 damage)
             ... on level 6 of the Dungeon on June 22, 2018.
             The game lasted 00:16:18 (6760 turns).

Econoterrorist the Changer (DrTm)                   Turns: 6760, Time: 00:16:20

Health: -2/53      AC:  9    Str: 13    XL:     8   Next: 17%
Magic:  10/14      EV: 12    Int: 15    God:    Hepliaklqana [*.....]
Gold:   300        SH:  5    Dex: 12    Spells: 6/15 levels left

rFire    . . .     SeeInvis .     - Unarmed
rCold    . . .     Gourm    .   n - +0 buckler (curse)
rNeg     . . .     Faith    .   (armour unavailable)
rPois    .         Spirit   .   (helmet restricted)
rElec    +         Reflect  .   (no cloak)
rCorr    .         Harm     .   a - +2 pair of gloves
MR       .....                  (no boots)
Stlth    +.........             (no amulet)
HPRegen  0.17/turn              (no ring)
MPRegen  0.14/turn              (no ring)

@: no status effects
A: breathe lightning, unfitting armour, reduced essence, electricity resistance,
cold-blooded, AC +6
a: Breathe Lightning, Recall Ancestor, Ancestor Identity, Renounce Religion


You were on level 6 of the Dungeon.
You worshipped Hepliaklqana.
Hepliaklqana was aware of your devotion.
You were hungry.

You visited 2 branches of the dungeon, and saw 7 of its levels.

You collected 342 gold pieces.
You spent 42 gold pieces at shops.

Inventory:

Armour
 a - a +2 pair of gloves (worn)
 n - a cursed +0 buckler (worn)
Wands
 s - a wand of acid (8)
Scrolls
 d - 5 scrolls of identify
 e - 4 scrolls of remove curse
 g - a scroll of fear {unknown}
 i - 4 scrolls of immolation {unknown}
 j - a scroll of blinking {unknown}
 l - 3 scrolls of teleportation {unknown}
 m - 2 scrolls of enchant weapon {unknown}
 p - 2 scrolls of noise {unknown}
 q - 2 scrolls of magic mapping {unknown}
Potions
 f - a potion of might
 k - a potion of resistance
 r - a potion of agility {unknown}
 t - a potion of lignification {unknown}
Books
 b - a book of Changes

   Spells                             Type                      Level
   a - Beastly Appendage              Transmutation                1
   b - Sticks to Snakes               Transmutation                2
   c - Spider Form                    Transmutation/Poison         3
   d - Ice Form                       Ice/Transmutation            4
   e - Blade Hands                    Transmutation                5
Comestibles
 c - 8 rations


   Skills:
 - Level 1.1 Fighting
 - Level 1.7 Dodging
 - Level 5.0 Shields
 - Level 4.2 Unarmed Combat
 - Level 4.0 Spellcasting
 + Level 6.4 Transmutations
 - Level 2.0 Poison Magic


You had 6 spell levels left.
You knew the following spells:

 Your Spells              Type           Power        Failure   Level  Hunger
a - Beastly Appendage     Tmut           ###...       1%          1    None
b - Spider Form           Tmut/Pois      ###.......   10%         3    ###....
c - Blade Hands           Tmut           ###.......   34%         5    ######.


Dungeon Overview and Level Annotations

Branches:
Dungeon (6/15)             Temple (1/1) D:4

Altars:
Ashenzari
Cheibriados
Elyvilon
Fedhas
Gozag
Hepliaklqana
Kikubaaqudgha
Nemelex Xobeh
Okawaru
Qazlal
Trog
Vehumet
Xom
Yredelemnul
Zin
The Shining One

Shops:
D:4 *

Annotations:
D:6 Mortalkoil's ghost, novice DrIE


Innate Abilities, Weirdness & Mutations

You can breathe wild blasts of lightning.
Your glossy black scales are hard. (AC +6)
You cannot fit into any form of body armour.
You are resistant to electric shocks. (rElec)
You are cold-blooded and may be slowed by cold attacks.
Your life essence is reduced to manifest your ancestor. (-10% HP)


Message History

Sizwe closely misses Mortalkoil's ghost.
You completely miss Mortalkoil's ghost. You tail-slap Mortalkoil's ghost.
Mortalkoil's ghost is lightly damaged.
Mortalkoil's ghost points at you and mumbles some strange words.
You are frozen.
* * * LOW HITPOINT WARNING * * *
Sizwe hits Mortalkoil's ghost but does no damage.
It was a potion of cancellation.
Your magical effects are unravelling.
You feel magically purged.
Your hands revert to their normal proportions.
Your +2 pair of gloves unmelds from your body.
Your cursed +0 buckler unmelds from your body.
You feel yourself speed up. Mortalkoil's ghost hits you.
* * * LOW HITPOINT WARNING * * *
Sizwe barely misses Mortalkoil's ghost.
Mortalkoil's ghost points at you and mumbles some strange words.
You are frozen.
You die...

#.# #.# # #.#
.# #.######.#
#........#
#....$...#
##...RW...#
#<...@....#
##+#####.....
... .


You could see the friendly Sizwe the ancestor and Mortalkoil's ghost.

Vanquished Creatures
  The ghost of dedward the Chopper, an amateur MiBe of Trog (D:4)
  2 ogres (D:4)
  A centaur (D:5)
  A scorpion (D:5)
  A howler monkey (D:4)
  A jelly (D:5)
  A crimson imp (D:5)
  A hound (D:4)
  An orc priest (D:4)
  A bullfrog skeleton (D:5)
  2 orc wizards (D:4)
  An iguana (D:4)
  A worker ant (D:4)
  Robin (D:1)
  10 adders
  A shadow imp (D:5)
  An ooze (D:1)
  3 worms
  A dart slug (D:2)
  A leopard gecko (D:6)
  13 orcs
  A ball python (D:3)
  7 bats
  5 giant cockroaches
  6 hobgoblins
  4 jackals (D:3)
  13 kobolds
  2 quokkas
  6 frilled lizards
  15 goblins
  5 rats
110 creatures vanquished.

Vanquished Creatures (collateral kills)
  A sky beast (D:5)
  A worker ant (D:5)
  An adder skeleton (D:5)
  An orc (D:4)
4 creatures vanquished.

Vanquished Creatures (others)
  An ancestor (D:4)
1 creature vanquished.

Grand Total: 115 creatures vanquished

Notes
Turn   | Place    | Note
-------+----------+-------------------------------------------
     0 | D:1      | Econoterrorist the Draconian Transmuter began the quest for the Orb.
     0 | D:1      | Reached XP level 1. HP: 16/16 MP: 3/3
   171 | D:1      | Reached XP level 2. HP: 16/23 MP: 5/5
  1197 | D:2      | Reached XP level 3. HP: 28/28 MP: 6/6
  1202 | D:2      | Learned a level 3 spell: Spider Form
  1241 | D:2      | Noticed Robin
  1857 | D:1      | Killed Robin
  1857 | D:1      | Reached skill level 1 in Poison Magic
  2148 | D:2      | Reached XP level 4. HP: 30/35 MP: 7/7
  2476 | D:2      | Found a snail-covered altar of Cheibriados.
  2800 | D:3      | Reached skill level 3 in Transmutations
  3201 | D:3      | Reached XP level 5. HP: 38/40 MP: 8/8
  3682 | D:3      | Reached skill level 4 in Transmutations
  3961 | D:4      | Noticed an ogre
  3976 | D:4      | Killed an ogre
  4020 | D:4      | Found a staircase to the Ecumenical Temple.
  4224 | D:4      | Reached XP level 6. HP: 30/47 MP: 7/9
  4352 | D:4      | Found Jezusk's General Store.
  4352 | D:4      | Noticed dedward's ghost (amateur MiBe)
  4663 | D:4      | Killed dedward's ghost
  4663 | D:4      | Reached skill level 5 in Shields
  4788 | D:4      | Your scales start taking on a glossy black colour.
  4788 | D:4      | Reached XP level 7. HP: 52/52 MP: 10/10
  4788 | D:4      | Gained mutation: You are resistant to electric shocks. (rElec) [Black Draconian growth]
  4888 | D:4      | Bought a scroll of remove curse for 42 gold pieces
  5072 | Temple   | Entered the Ecumenical Temple
  5196 | Temple   | Became a worshipper of Hepliaklqana the Forgotten
  5438 | D:4      | Found an iron altar of Okawaru.
  5439 | D:4      | Found a bloodstained altar of Trog.
  5470 | D:4      | Reached skill level 5 in Transmutations
  5498 | D:4      | Learned a level 5 spell: Blade Hands
  5715 | D:4      | Found a stormy altar of Qazlal.
  5725 | D:5      | Entered Level 5 of the Dungeon
  5885 | D:5      | Found an opulent altar of Gozag.
  6124 | D:5      | Found a glowing golden altar of the Shining One.
  6247 | D:5      | Reached XP level 8. HP: 47/53 MP: 14/14
  6318 | D:5      | Reached skill level 6 in Transmutations
  6321 | D:5      | Reached * piety under Hepliaklqana
  6753 | D:6      | Noticed Mortalkoil's ghost (novice DrIE)
  6760 | D:6      | Killed from afar by Mortalkoil's ghost

Skill      XL: |  1  2  3  4  5  6  7  8 |
---------------+-------------------------+-----
Unarmed Combat | 4 |  4.2
Poison Magic   | 1 2 |  2.0
Transmutations | 3 4 5 6 |  6.4
Shields        | 3 5 |  5.0
Spellcasting   | 4 |  4.0
Fighting       | |  1.1
Dodging        | |  1.7

Action                   |  1- 3 |  4- 6 |  7- 9 || total
-------------------------+-------+-------+-------++-------
Melee: Unarmed           |   134 |   217 |   179 ||   530
       Tailslap          |    11 |    18 |    22 ||    51
       Kick              |     1 |    14 |       ||    15
       Headbutt          |     1 |     4 |     4 ||     9
       Punch             |     1 |       |       ||     1
 Cast: Beastly Appendage |     5 |     7 |     2 ||    14
       Spider Form       |     1 |     3 |     2 ||     6
       Blade Hands       |       |       |     1 ||     1
  Use: Scroll            |       |     2 |       ||     2
       Potion            |       |     1 |     1 ||     2
 Stab: Sleeping          |     1 |     1 |     1 ||     3
       Distracted        |       |       |     1 ||     1
  Eat: Chunk             |     1 |     5 |     4 ||    10
       Ration            |     1 |     2 |       ||     3
Armor: Skin              |    33 |    78 |    53 ||   164
Dodge: Dodged            |    89 |   121 |    73 ||   283
Block: Buckler           |       |    11 |    36 ||    47
